 Dungeon Crawl Stone Soup version 0.22.0 (webtiles) character file.

414852 inmateoo the Executioner (level 23, -3/213 HPs)
             Began as a Hill Orc Fighter on Aug 11, 2018.
             Was the Champion of Trog.
             Slain by a spriggan defender
             ... wielding a +0 demon whip of electrocution
              (10 damage)
             ... while paralysed by a floating eye
             ... on level 4 of the Depths.
             The game lasted 01:15:26 (48427 turns).

inmateoo the Executioner (Hill Orc Fighter)        Turns: 48427, Time: 01:15:27

Health: -3/213     AC: 29    Str: 29    XL:     23   Next: 58%
Magic:  34/34      EV:  2    Int:  8    God:    Trog [******]
Gold:   410        SH:  0    Dex: 18    Spells: 22/22 levels left

rFire    + + .     SeeInvis .   k - +8 broad axe (vamp)
rCold    + + .     Gourm    .   M - +2 large shield
rNeg     . . .     Faith    .   z - +3 plate armour {MR+}
rPois    .         Spirit   .   j - +1 helmet
rElec    +         Reflect  .   u - scarf {rC+ rF+}
rCorr    .         Harm     .   Z - +0 pair of gloves of Inference {Regen+ Dex+4 Stlth+} (curse)
MR       ++++.                  K - +2 pair of boots {Fly}
Stlth    ..........             P - amulet of the acrobat
HPRegen  1.85/turn              W - ring "Wonipn" {rElec rF+ Dex+4}
MPRegen  0.24/turn              y - ring of protection from cold

@: paralysed, lethally poisoned (-3 -> -16), regenerating, drained
A: no striking features
}: 2/15 runes: serpentine, barnacled
a: Berserk, Trog's Hand, Brothers in Arms, Renounce Religion, Evoke Flight


You were on level 4 of the Depths.
You worshipped Trog.
Trog was exalted by your worship.
You were full.

You visited 8 branches of the dungeon, and saw 40 of its levels.
You visited 1 bazaar.
You also visited: Labyrinth.

You collected 4004 gold pieces.
You spent 3594 gold pieces at shops.

Inventory:

Hand Weapons
 k - a +8 vampiric broad axe (weapon)
 Q - a +9 broad axe of chopping
Missiles
 U - 13 javelins of penetration (quivered)
Armour
 j - a +1 helmet (worn)
 s - +0 gold dragon scales
 u - a scarf of resistance (worn)
 z - a +3 plate armour of magic resistance (worn)
 K - a +2 pair of boots of flying (worn)
 M - a +2 large shield (worn)
 Z - the cursed +0 pair of gloves of Inference (worn) {Regen+ Dex+4 Stlth+}
   (You bought it in a shop in a bazaar)

   It affects your dexterity (+4).
   It increases your rate of regeneration.
   It makes you more stealthy.
   It has a curse placed upon it.
Jewellery
 a - an uncursed ring of resist corrosion
 y - a ring of protection from cold (right hand)
 P - an amulet of the acrobat (around neck)
 W - the ring "Wonipn" (left hand) {rElec rF+ Dex+4}
   (You found it on level 1 of the Shoals)

   [ring of protection from fire]

   It affects your dexterity (+4).
   It protects you from fire.
   It insulates you from electricity.
Wands
 i - a wand of clouds (9)
 n - a wand of random effects (118)
 q - a wand of flame (77)
 v - a wand of digging (13)
 w - a wand of acid (31)
 x - a wand of iceblast (34)
 B - a wand of enslavement (51)
 N - a wand of scattershot (14)
 X - a wand of polymorph (13)
Scrolls
 b - 3 scrolls of blinking
 c - 6 scrolls of enchant armour
 g - 5 scrolls of immolation
 h - 10 scrolls of fear
 p - 19 scrolls of remove curse
 D - 11 scrolls of magic mapping
 I - 8 scrolls of identify
 T - 11 scrolls of teleportation
 Y - a scroll of fog
Potions
 d - 2 potions of ambrosia
 e - 8 potions of heal wounds
 l - 9 potions of haste
 o - 4 potions of flight
 r - a potion of might
 t - 8 potions of lignification
 A - 7 potions of invisibility
 E - 6 potions of brilliance
 F - 6 potions of curing
 H - 4 potions of resistance
 L - 6 potions of agility
 O - 2 potions of magic
 R - 4 potions of mutation
 S - 4 potions of berserk rage
 V - 2 potions of cancellation
Miscellaneous
 m - a lamp of fire
 C - 4 boxes of beasts
 J - a phial of floods
Comestibles
 f - 37 rations


   Skills:
 + Level 19.0(18.9) Fighting
 * Level 26.5(26.4) Axes
 + Level 17.6(17.5) Armour
 + Level 12.2(12.1) Dodging
 + Level 17.5(17.4) Shields
 + Level 14.9(14.8) Evocations


You had 22 spell levels left.
You didn't know any spells.
Your spell library was empty.

Dungeon Overview and Level Annotations

Branches:
Dungeon (15/15)            Temple (1/1) D:5            Lair (6/6) D:10
 Shoals (4/4) Lair:2        Snake (4/4) Lair:2        Slime (0/5) Lair:6
    Orc (2/2) D:11            Elf (0/3) Orc:2        Vaults (4/5) D:14
  Crypt (0/3) Vaults:2     Depths (4/5) D:15

Altars:
Ashenzari
Cheibriados
Dithmenos
Elyvilon
Fedhas
Gozag
Hepliaklqana
Kikubaaqudgha
Makhleb
Nemelex Xobeh
Okawaru
Qazlal
Ru
Sif Muna
Trog
Uskayaw
Vehumet
Wu Jian
Xom
Yredelemnul
Zin
The Shining One
Beogh
Jiyva
Lugonu

Shops:
D:9 :   Orc:1 *   Orc:2 !([(   Shoals:1 [   Snake:1 (   Vaults:1 ?}(![
Vaults:2 *   Depths:1 :**[

Portals:
Hell: Depths:1 Depths:2 Depths:3
Abyss: Depths:1 Depths:2
Pandemonium: Depths:3


Message History

You are more poisoned.
The floating eye seems to glare at you.
The spriggan defender hits you with a demon whip of electrocution!
* * * LOW HITPOINT WARNING * * *
You feel very sick.
The spriggan defender hits you with a demon whip of electrocution.
* * * LOW HITPOINT WARNING * * *
The spriggan rider hits you from afar with a spear of venom!
* * * LOW HITPOINT WARNING * * *
You are more poisoned.
The floating eye gazes piercingly through you!
You shrug off the repeated paralysis!
You feel very sick.
The spriggan defender hits you with a demon whip of electrocution!
* * * LOW HITPOINT WARNING * * *
The spriggan rider hits you from afar with a spear of venom!
* * * LOW HITPOINT WARNING * * *
You are more poisoned.
The spriggan defender hits you with a demon whip of electrocution!
You die...

.#.#.### ##....#
)#.'.'.+ #...###
.#.#.### ##..#
.#'#'# ## ##.#
.+.#.# ##.# #.#
####### ######
#...###.# .......
.(. ........#
....... ...
........####y......
....
........(@iiG......
####
#######(###########
#()........
#(.........
##.).....#
#..)...### #..)..##
#D....# #.....##


You could see a spriggan defender, a spark wasp, a spriggan rider and a floating
eye shaped shifter.

Vanquished Creatures
  Saint Roka (Depths:1)
  Xtahua (Vaults:3)
  A golden dragon (Depths:3)
  2 liches (Depths:2)
  A bone dragon (Vaults:2)
  A tentacled monstrosity (Vaults:3)
  Rupert (Lair:3)
  Asterion (Vaults:3)
  A titan (Depths:3)
  4 sphinxes
  A shadow dragon (Depths:3)
  Agnes (Snake:4)
  5 tengu reavers
  8 nagarajas
  3 fire giants
  13 frost giants
  The ghost of Riunic the Warrior, an adept GrFi of Qazlal (Snake:3)
  A deep elf sorcerer (Vaults:3)
  A balrug (Depths:1)
  10 vault wardens
  Louise (D:14)
  An orc warlord (Orc:2)
  A caustic shrike zombie (Depths:2)
  An iron dragon (Depths:3)
  A spriggan defender (Depths:3)
  11 ironheart preservers
  A vampire knight (Depths:3)
  11 very ugly things
  2 deep elf demonologists (Vaults:3)
  An entropy weaver (Vaults:1)
  18 stone giants
  Azrael (D:12)
  2 minotaurs
  A deep elf annihilator (Vaults:3)
  5 spark wasps
  A small abomination (Vaults:4)
  5 merfolk javelineers
  10 ettins
  Snorg (D:10)
  A blizzard demon (Depths:3)
  2 deep elf death magi
  6 great orbs of eyes
  4 jiangshi
  7 merfolk impalers
  8 fire dragons
  15 ogre magi
  12 yaktaur captains
  6 ice dragons
  A vault guard (D:14)
  3 hydras (Lair:2)
  11 naga warriors
  13 centaur warriors
  3 rakshasas
  Erolcha (D:9)
  3 spriggan air magi (Depths:3)
  5 merfolk avatars
  16 anacondas
  Erica (D:9)
  A death knight (D:15)
  3 merfolk aquamancers
  5 deep troll shamans
  37 two-headed ogres
  4 satyrs
  7 death yaks
  5 vampire magi
  8 tengu warriors
  5 deep troll earth magi
  2 orc high priests (Orc:2)
  6 shock serpents
  6 spriggan berserkers
  12 naga sharpshooters
  A deep elf knight (Vaults:4)
  2 sun demons (Depths:1)
  A storm dragon zombie (Depths:2)
  3 spriggans (Depths:4)
  A titan skeleton (Depths:2)
  8 hell knights
  An iron troll (Depths:3)
  2 salamander mystics (Snake:4)
  An unseen horror (shapeshifter) (Depths:1)
  2 shadow wraiths (Vaults:3)
  16 deep trolls
  A golden dragon skeleton (Depths:2)
  13 sea snakes
  3 glowing orange brains
  A torturous demonspawn (Depths:3)
  4 unseen horrors
  11 ironbrand convokers
  13 harpies
  A flayed ghost (Vaults:4)
  4 wizards
  11 naga ritualists
  8 orc knights
  6 deep elf archers
  A harpy (shapeshifter) (Vaults:3)
  14 mana vipers
  2 phantasmal warriors (D:15)
  8 orc sorcerers
  4 necromancers
  7 wolf spiders
  A salamander (shapeshifter) (Vaults:4)
  14 deep elf magi
  7 fauns (Shoals:1)
  52 ugly things
  7 cyclopes
  6 salamanders
  5 elephants
  A sphinx skeleton (Depths:2)
  2 centaur zombies (D:14)
  11 manticores
  39 black mambas
  A rust devil (Depths:3)
  A black mamba (shapeshifter) (Vaults:1)
  4 guardian serpents
  Joseph (D:9)
  A frost giant skeleton (Depths:2)
  13 merfolk sirens
  Maurice (D:13)
  11 vault sentinels
  20 naga magi
  An elephant (shapeshifter) (Depths:3)
  5 spectral swamp worms (Depths:3)
  An orange demon (Depths:3)
  5 rime drakes
  8 water nymphs
  10 komodo dragons
  11 spiny frogs
  77 yaktaurs
  A spiny frog (shapeshifter) (Vaults:1)
  An ice devil (Depths:3)
  2 freezing wraiths
  A spriggan skeleton (Depths:2)
  A hellwing (Depths:3)
  7 tengu conjurers
  9 trolls
  33 merfolk
  A troll (shapeshifter) (Vaults:4)
  8 hornets
  3 meliai (Shoals:1)
  8 polar bears
  5 wind drakes
  A wind drake (shapeshifter) (Vaults:3)
  5 blink frogs (Lair:4)
  A fire giant simulacrum (Depths:2)
  11 snapping turtles
  34 slime creatures
  4 dream sheep (Shoals:4)
  15 hippogriffs
  3 shadows
  39 yaks
  8 wyverns
  7 water elementals
  8 basilisks
  2 wraiths (D:15)
  A fire elemental (D:12)
  2 hogs (shapeshifter)
  3 vampire mosquitoes (D:13)
  3 hungry ghosts
  51 nagas
  2 soldier ants
  A human simulacrum (Vaults:3)
  A warg (Orc:2)
  Menkaure (D:7)
  3 hell hounds (D:12)
  25 water moccasins
  Duvessa (D:5)
  3 acid dragons
  9 porcupines
  A swamp drake (Orc:2)
  4 ice beasts
  2 floating eyes (shapeshifter)
  A floating eye (Depths:3)
  38 orc warriors
  2 necrophages
  8 sky beasts
  A hornet zombie (D:8)
  35 ogres
  A boggart (shapeshifter) (Depths:3)
  An eye of draining (shapeshifter) (Vaults:3)
  26 centaurs
  14 crocodiles
  31 wolves
  2 big kobolds
  18 bullfrogs
  2 scorpions
  Dowan (D:5)
  16 killer bees
  5 wights (D:14)
  3 electric eels
  A howler monkey (D:7)
  7 crimson imps
  2 quasits (Depths:3)
  7 jellies
  6 hounds
  Crazy Yiuf (D:2)
  30 orc priests
  7 centaur skeletons
  5 iguanas
  2 iron imps
  39 orc wizards
  4 bullfrog skeletons
  11 worker ants
  A killer bee zombie (D:8)
  3 hound zombies
  3 worker ant zombies
  Robin (D:2)
  4 gnolls (D:3)
  A howler monkey skeleton (D:9)
  15 adders
  8 shadow imps
  A white imp (Orc:2)
  2 oozes (D:4)
  2 adder skeletons
  4 worms
  8 dart slugs
  6 leopard geckos
  136 orcs
  7 giant cockroaches
  15 goblins
  8 hobgoblins
  19 jackals
  5 quokkas
  A ball python (Lair:2)
  6 bats
  4 frilled lizards
  25 kobolds
  6 rats
  A bush (Lair:6)
  5 fungi
  7 plants
1780 creatures vanquished.

Vanquished Creatures (collateral kills)
  A frost giant (Shoals:4)
  A merfolk javelineer (Shoals:4)
  Sonja (Lair:1)
  A merfolk siren (Shoals:4)
4 creatures vanquished.

Vanquished Creatures (others)
  A nagaraja (Snake:4)
  A spark wasp (Depths:3)
  A jiangshi (Depths:1)
  A deep elf mage (Vaults:4)
  A tengu conjurer (Depths:4)
  A slime creature (Depths:2)
  A naga (Snake:2)
  An ogre (Depths:1)
  2 orcs
  A goblin (D:3)
  6 fungi
  14 plants
31 creatures vanquished.

Grand Total: 1815 creatures vanquished

Notes
Turn   | Place    | Note
-------+----------+-------------------------------------------
     0 | D:1      | inmateoo the Hill Orc Fighter began the quest for the Orb.
     0 | D:1      | Reached XP level 1. HP: 19/19 MP: 1/1
    40 | D:1      | Reached skill level 3 in Axes
    46 | D:1      | Reached XP level 2. HP: 24/27 MP: 2/2
   339 | D:1      | Reached XP level 3. HP: 33/33 MP: 3/3
   710 | D:2      | Noticed Robin
  1076 | D:2      | Killed Robin
  1076 | D:2      | Reached skill level 4 in Axes
  1076 | D:2      | Reached XP level 4. HP: 38/40 MP: 4/4
  1222 | D:2      | Found a shattered altar of Ashenzari.
  1948 | D:2      | Found a runed door.
  2322 | D:2      | Reached XP level 5. HP: 42/47 MP: 5/5
  3416 | D:3      | Reached skill level 5 in Axes
  3451 | D:3      | Noticed an ogre
  3462 | D:3      | Killed an ogre
  3462 | D:3      | Reached XP level 6. HP: 42/53 MP: 6/6
  3567 | D:3      | Found a shadowy altar of Dithmenos.
  3953 | D:3      | Reached skill level 5 in Fighting
  4120 | D:4      | Reached skill level 6 in Axes
  4628 | D:4      | Found a snail-covered altar of Cheibriados.
  4833 | D:5      | Entered Level 5 of the Dungeon
  4842 | D:5      | Noticed an ice beast
  4872 | D:5      | Killed an ice beast
  4872 | D:5      | Reached XP level 7. HP: 23/61 MP: 7/7
  5103 | D:5      | Found a basalt altar of Yredelemnul.
  5123 | D:5      | Found a hide-covered altar of Uskayaw.
  5140 | D:5      | Reached skill level 5 in Armour
  5140 | D:5      | Reached skill level 5 in Shields
  5255 | D:5      | Found a staircase to the Ecumenical Temple.
  5257 | D:5      | Noticed Dowan
  5264 | Temple   | Entered the Ecumenical Temple
  5364 | Temple   | Became a worshipper of Trog the Wrathful
  5386 | D:5      | Killed Dowan
  5386 | D:5      | Reached skill level 7 in Axes
  5404 | D:5      | Noticed Duvessa
  5423 | D:5      | Killed Duvessa
  5479 | D:5      | Found an iron altar of Okawaru.
  5491 | D:5      | Found an ornate altar of the Wu Jian Council.
  5792 | D:6      | Reached XP level 8. HP: 57/70 MP: 8/8
  6065 | D:6      | Reached skill level 8 in Axes
  6115 | D:6      | Reached * piety under Trog
  6713 | D:2      | Noticed Crazy Yiuf
  6719 | D:2      | Killed Crazy Yiuf
  6719 | D:2      | Reached skill level 9 in Axes
  6885 | D:7      | Noticed a troll
  6898 | D:7      | Killed a troll
  6898 | D:7      | Reached XP level 9. HP: 60/79 MP: 9/9
  6938 | D:7      | Noticed Menkaure
  6953 | D:7      | Killed Menkaure
  7249 | D:7      | Reached skill level 10 in Axes
  7386 | D:7      | Found a glowing golden altar of the Shining One.
  7740 | D:7      | Reached ** piety under Trog
  8398 | D:8      | Found a sacrificial altar of Ru.
  8554 | D:8      | Reached skill level 11 in Axes
  8737 | D:8      | Reached XP level 10. HP: 88/88 MP: 10/10
  8769 | D:8      | Reached *** piety under Trog
  9000 | D:9      | Noticed Erolcha
  9013 | D:9      | Killed Erolcha
  9013 | D:9      | Reached skill level 12 in Axes
  9182 | D:9      | Found a glowing silver altar of Zin.
  9287 | D:9      | Found a stormy altar of Qazlal.
  9311 | D:9      | Noticed Joseph
  9328 | D:9      | Killed Joseph
  9331 | D:9      | Reached skill level 1 in Evocations
  9435 | D:9      | Noticed Erica
  9447 | D:9      | Killed Erica
  9447 | D:9      | Reached skill level 13 in Axes
  9447 | D:9      | Reached XP level 11. HP: 97/97 MP: 10/12
  9616 | D:9      | Found a snail-covered altar of Cheibriados.
  9701 | D:9      | Found Koosig's Book Emporium.
  9715 | D:9      | Found a runed door.
  9781 | D:9      | Noticed a cyclops
  9794 | D:9      | Reached **** piety under Trog
  9802 | D:9      | Killed a cyclops
  9847 | D:9      | Found a roughly hewn altar of Beogh.
  9919 | D:10     | Entered Level 10 of the Dungeon
  9936 | D:10     | Noticed Snorg
  9950 | D:10     | Killed Snorg
 10109 | D:10     | Reached skill level 10 in Fighting
 10419 | D:10     | Reached skill level 14 in Axes
 10538 | D:10     | Reached ***** piety under Trog
 10863 | D:10     | Found a staircase to the Lair.
 11218 | D:11     | Noticed a purple ugly thing
 11228 | D:11     | Killed a purple ugly thing
 11230 | D:11     | Received a gift from Trog
 11279 | D:11     | Reached XP level 12. HP: 83/107 MP: 15/15
 11476 | D:11     | Identified a scroll of acquirement
 11760 | D:11     | Reached skill level 15 in Axes
 11772 | D:11     | Found a staircase to the Orcish Mines.
 11952 | D:12     | Noticed Azrael
 11960 | D:12     | Killed Azrael
 11960 | D:12     | Reached skill level 10 in Armour
 11960 | D:12     | Reached skill level 10 in Shields
 11965 | D:12     | Reached skill level 5 in Evocations
 12484 | D:12     | Noticed a two-headed ogre
 12492 | D:12     | Killed a two-headed ogre
 12728 | D:13     | Noticed a two-headed ogre
 12740 | D:13     | Killed a two-headed ogre
 12740 | D:13     | Reached skill level 1 in Dodging
 12771 | D:13     | Noticed a centaur warrior
 12907 | D:13     | Killed a centaur warrior
 12958 | D:13     | Noticed a centaur warrior
 12970 | D:13     | Killed a centaur warrior
 12995 | D:13     | Reached skill level 16 in Axes
 12995 | D:13     | Reached XP level 13. HP: 78/115 MP: 17/17
 13064 | D:13     | Noticed Maurice
 13080 | D:13     | Killed Maurice
 13517 | D:13     | Found a blossoming altar of Fedhas.
 13829 | D:14     | Noticed Louise
 13843 | D:14     | Killed Louise
 14394 | D:14     | Reached ****** piety under Trog
 14435 | D:14     | Noticed a vault guard
 14445 | D:14     | Killed a vault guard
 14449 | D:14     | Found a gate to the Vaults.
 14489 | D:15     | Entered Level 15 of the Dungeon
 14516 | D:15     | Received a gift from Trog
 15401 | D:15     | Noticed an ettin
 15402 | D:15     | Noticed an ogre mage
 15403 | D:15     | Found a staircase to the Depths.
 15408 | D:15     | Killed an ettin
 15408 | D:15     | Reached skill level 17 in Axes
 15415 | D:15     | Paralysed by an ogre mage for 7 turns
 15430 | D:15     | HP: 5/118 [something (30)]
 15629 | D:15     | Reached XP level 14. HP: 76/126 MP: 19/19
 16541 | Orc:1    | Entered Level 1 of the Orcish Mines
 16544 | Orc:1    | Found Kuotuoh's Assorted Antiques.
 16641 | Orc:1    | Bought a scroll of blinking for 255 gold pieces
 17010 | Orc:1    | Received a gift from Trog
 17105 | Orc:2    | Entered Level 2 of the Orcish Mines
 17108 | Orc:2    | Found a staircase to the Elven Halls.
 17119 | Orc:2    | Found a roughly hewn altar of Beogh.
 17587 | Orc:2    | Noticed an orc warlord
 17616 | Orc:2    | Killed an orc warlord
 17700 | Orc:2    | Found Neunad's Antique Weapon Boutique.
 17700 | Orc:2    | Found a roughly hewn altar of Beogh.
 17709 | Orc:2    | Found Yxter's Antique Armour Shop.
 17719 | Orc:2    | Bought a bronze plate armour for 616 gold pieces
 17719 | Orc:2    | Bought a pair of glowing boots for 165 gold pieces
 17719 | Orc:2    | Bought a shiny large shield for 165 gold pieces
 17729 | Orc:2    | Identified the cursed +0 plate armour of Disappointment {Int+5 Dex+6} (You bought it in a shop on level 2 of the Orcish Mines)
 17902 | Orc:2    | Received a gift from Trog
 18233 | Orc:2    | Found a roughly hewn altar of Beogh.
 18291 | Orc:2    | Found a roughly hewn altar of Beogh.
 18311 | Orc:2    | Found Micwiel's Distillery.
 18316 | Orc:2    | Bought a potion of lignification for 39 gold pieces
 18316 | Orc:2    | Bought a potion of resistance for 130 gold pieces
 18316 | Orc:2    | Bought a potion of magic for 104 gold pieces
 18316 | Orc:2    | Bought a potion of berserk rage for 65 gold pieces
 18316 | Orc:2    | Bought a potion of agility for 52 gold pieces
 18371 | Orc:2    | Found a roughly hewn altar of Beogh.
 18407 | Orc:2    | Found a roughly hewn altar of Beogh.
 18408 | Orc:2    | Found Destriav's Weapon Shop.
 18657 | Lair:1   | Entered Level 1 of the Lair of Beasts
 18687 | Lair:1   | Reached skill level 18 in Axes
 18787 | Lair:1   | Reached skill level 5 in Dodging
 18917 | Lair:1   | Received a gift from Trog
 18938 | Lair:1   | Noticed Sonja
 18943 | Lair:1   | Killed Sonja
 19515 | Lair:2   | Found a staircase to the Shoals.
 19695 | Lair:2   | Found a staircase to the Snake Pit.
 19700 | Lair:2   | Reached XP level 15. HP: 97/135 MP: 21/21
 20162 | Lair:3   | Found a labyrinth entrance.
 20187 | Lab      | Entered a labyrinth
 20693 | Lair:3   | Received a gift from Trog
 20995 | Lair:3   | Noticed Rupert
 21017 | Lair:3   | Killed Rupert
 21798 | Lair:4   | You fall through a shaft!
 21981 | Lair:5   | Reached skill level 19 in Axes
 22343 | Lair:5   | Got a pair of encrusted boots
 22354 | Lair:5   | Identified the +2 pair of boots of Impermeability {rF- rN+++} (You acquired it on level 5 of the Lair of Beasts)
 22388 | Lair:6   | Entered Level 6 of the Lair of Beasts
 22423 | Lair:6   | Received a gift from Trog
 22643 | Lair:6   | Found a viscous altar of Jiyva.
 22643 | Lair:6   | Found a staircase to the Slime Pits.
 24076 | Snake:1  | Entered Level 1 of the Snake Pit
 24089 | Snake:1  | Reached XP level 16. HP: 142/145 MP: 21/23
 24168 | Snake:1  | Got a crude bone ring
 24170 | Snake:1  | Identified the cursed ring of Titod {rElec Int-2} (You found it on level 1 of the Snake Pit)
 24558 | Snake:1  | Found Wuokkaon's Antique Weapon Shop.
 24656 | Snake:2  | Received a gift from Trog
 25502 | Snake:2  | Reached skill level 20 in Axes
 26371 | Snake:3  | Reached skill level 10 in Evocations
 26721 | Snake:3  | Noticed a nagaraja
 26734 | Snake:3  | Killed a nagaraja
 26966 | Snake:3  | Found a glowing silver altar of Zin.
 26980 | Snake:3  | Received a gift from Trog
 27146 | Snake:3  | Found a large runed door.
 27146 | Snake:3  | Found a large runed door.
 27147 | Snake:3  | Noticed Riunic's ghost (adept GrFi)
 27175 | Snake:3  | Killed Riunic's ghost
 27489 | Snake:4  | Entered Level 4 of the Snake Pit
 27531 | Snake:4  | Reached XP level 17. HP: 151/154 MP: 24/24
 27820 | Snake:4  | Noticed Agnes
 27828 | Snake:4  | Killed Agnes
 29311 | Snake:4  | Reached skill level 21 in Axes
 29526 | Snake:4  | Reached skill level 15 in Fighting
 29550 | Snake:3  | HP: 7/156 [poisoned by a nagaraja (bolt of poison)]
 29555 | Snake:3  | HP: 6/156 [poisoned by a nagaraja (bolt of poison)]
 29562 | Snake:3  | HP: 7/156 [poisoned by a nagaraja (bolt of poison)]
 29568 | Snake:3  | HP: 7/156 [poisoned by a nagaraja (bolt of poison)]
 30777 | Snake:4  | Got a serpentine rune of Zot
 31669 | Shoals:1 | Entered Level 1 of the Shoals
 31702 | Shoals:1 | Received a gift from Trog
 31702 | Shoals:1 | Reached XP level 18. HP: 119/163 MP: 26/26
 32095 | Shoals:1 | Got a heavily runed pewter ring
 32116 | Shoals:1 | Identified the ring "Wonipn" {rElec rF+ Dex+4} (You found it on level 1 of the Shoals)
 32467 | Shoals:1 | Found a hide-covered altar of Uskayaw.
 32543 | Shoals:1 | Found Foizaeg's Armour Shop.
 34116 | Shoals:2 | Received a gift from Trog
 35294 | Shoals:3 | Reached skill level 22 in Axes
 35635 | Shoals:4 | Entered Level 4 of the Shoals
 36386 | Shoals:4 | Received a gift from Trog
 37220 | Shoals:4 | Got a barnacled rune of Zot
 38150 | Vaults:1 | Entered Level 1 of the Vaults
 38159 | Vaults:1 | Reached XP level 19. HP: 172/172 MP: 27/27
 38222 | Vaults:1 | Received a gift from Trog
 38497 | Vaults:1 | Reached skill level 15 in Armour
 38498 | Vaults:1 | Found Vatref's Distillery.
 38514 | Vaults:1 | Bought a potion of cancellation for 128 gold pieces
 38514 | Vaults:1 | Bought a potion of invisibility for 128 gold pieces
 38514 | Vaults:1 | Bought a potion of heal wounds for 80 gold pieces
 38514 | Vaults:1 | Bought a potion of brilliance for 64 gold pieces
 38514 | Vaults:1 | Bought a potion of mutation for 128 gold pieces
 38724 | Vaults:1 | Found Qothroeke's Magic Scroll Boutique.
 38737 | Vaults:1 | Bought a scroll of enchant weapon for 75 gold pieces
 38738 | Vaults:1 | Bought a scroll of magic mapping for 35 gold pieces
 38738 | Vaults:1 | Bought a scroll of magic mapping for 35 gold pieces
 38738 | Vaults:1 | Bought a scroll of blinking for 75 gold pieces
 38738 | Vaults:1 | Bought a scroll of teleportation for 30 gold pieces
 38738 | Vaults:1 | Bought a scroll of teleportation for 30 gold pieces
 38738 | Vaults:1 | Bought a scroll of magic mapping for 35 gold pieces
 38738 | Vaults:1 | Bought a scroll of identify for 20 gold pieces
 38745 | Vaults:1 | Reached skill level 15 in Shields
 39118 | Vaults:1 | Reached skill level 23 in Axes
 39174 | Vaults:1 | Found Nusihoarph's Gadget Shoppe.
 39176 | Vaults:1 | Found Xexiket's Antique Weapon Shoppe.
 39184 | Vaults:1 | Found Ruej's Antique Armour Shop.
 39330 | Vaults:1 | Received a gift from Trog
 39592 | Vaults:2 | Found Bippiust's General Store.
 39605 | Vaults:2 | Bought a potion of heal wounds for 85 gold pieces
 39605 | Vaults:2 | Bought a scroll of teleportation for 51 gold pieces
 39605 | Vaults:2 | Bought a scroll of enchant weapon for 127 gold pieces
 39605 | Vaults:2 | Bought a scroll of identify for 34 gold pieces
 40015 | Vaults:2 | Reached skill level 10 in Dodging
 40428 | Vaults:2 | Received a gift from Trog
 40544 | Vaults:2 | Reached XP level 20. HP: 150/182 MP: 29/29
 41049 | Vaults:2 | Noticed a bone dragon
 41050 | Vaults:2 | Found a staircase to the Crypt.
 41059 | Vaults:2 | Killed a bone dragon
 41200 | Vaults:3 | Noticed Asterion
 41207 | Vaults:3 | Killed Asterion
 41889 | Vaults:3 | Noticed Xtahua
 41900 | Vaults:3 | Killed Xtahua
 41987 | Vaults:3 | Received a gift from Trog
 42014 | Vaults:3 | Paralysed by a hornet for 3 turns
 42177 | Vaults:3 | Reached skill level 24 in Axes
 42694 | Vaults:4 | Paralysed by a hornet for 2 turns
 42701 | Vaults:4 | Received a gift from Trog
 42760 | Vaults:4 | Reached XP level 21. HP: 191/191 MP: 30/30
 43390 | Vaults:4 | Received a gift from Trog
 43438 | Vaults:4 | Found a gateway to a bazaar.
 43531 | Bazaar   | Entered a bazaar
 43531 | Bazaar   | Found Caaciale's General Store.
 43531 | Bazaar   | Found Pashaal's Gadget Emporium.
 43535 | Bazaar   | Found Luoqoal's Distillery.
 43539 | Bazaar   | Bought the cursed +0 pair of gloves of Inference {Regen+ Dex+4 Stlth+} for 374 gold pieces
 43561 | Bazaar   | Found Sutoxt's Food Emporium.
 43573 | Bazaar   | Bought a box of beasts for 180 gold pieces
 43585 | Bazaar   | Bought a potion of might for 68 gold pieces
 43585 | Bazaar   | Bought a potion of haste for 170 gold pieces
 43585 | Bazaar   | Bought a potion of curing for 51 gold pieces
 43669 | Vaults:4 | Received a gift from Trog
 43853 | Depths:1 | Entered Level 1 of the Depths
 43853 | Depths:1 | Found Wyshroigu's Island Escapes.
 44139 | Depths:1 | Noticed Saint Roka
 44177 | Depths:1 | Killed Saint Roka
 44177 | Depths:1 | Received a gift from Trog
 44303 | Depths:1 | Reached skill level 25 in Axes
 44494 | Depths:1 | Reached XP level 22. HP: 180/201 MP: 32/32
 44529 | Depths:1 | Found a corrupted altar of Lugonu.
 44554 | Depths:1 | Found a one-way gate to the infinite horrors of the Abyss.
 44568 | Depths:1 | Found Zases's Book Boutique.
 44725 | Depths:1 | Found Hecyn's General Store.
 44739 | Depths:1 | Found Rujaf's Armour Shoppe.
 44949 | Depths:1 | Found a gateway to Hell.
 45357 | Depths:2 | Received a gift from Trog
 45392 | Depths:2 | Paralysed by a floating eye for 2 turns
 46127 | Depths:2 | Received a gift from Trog
 46728 | Depths:3 | Found a one-way gate leading to the halls of Pandemonium.
 46776 | Depths:3 | Paralysed by a floating eye for 3 turns
 47012 | Depths:3 | Received a gift from Trog
 47024 | Depths:3 | Reached skill level 26 in Axes
 47029 | Depths:3 | Reached XP level 23. HP: 211/211 MP: 33/33
 47243 | Depths:3 | Noticed a golden dragon
 47258 | Depths:3 | Killed a golden dragon
 47398 | Depths:3 | Received a gift from Trog
 47417 | Depths:3 | Identified the +6 hand axe "Lih Iciej" {chop, Str+3} (Trog gifted it to you on level 3 of the Depths)
 48072 | Depths:3 | Identified the cursed +0 cloak "Berokkusk" {rPois} (You found it on level 3 of the Depths)
 48410 | Depths:4 | Paralysed by a floating eye for 2 turns
 48424 | Depths:4 | Paralysed by a floating eye for 4 turns
 48427 | Depths:4 | HP: 7/213 [spriggan rider/spear of venom[a spriggan defender] (13)]
 48427 | Depths:4 | Slain by a spriggan defender

Skill      XL: |  1  2  3  4  5  6  7  8  9 10 11 12 13 14 15 16 17 18 19 20 21 22 23 |
---------------+----------------------------------------------------------------------+-----
Axes           | 3 4 5 6 7 9 11 13 14 16 17 18 19 20 21 22 23 24 25 26 | 26.5
Fighting       | 4 5 6 7 8 9 10 11 12 13 14 15 16 17 18 19 | 19.0
Shields        | 4 5 6 7 8 9 10 11 12 13 14 15 16 17 | 17.5
Armour         | 4 5 6 7 8 9 10 11 12 13 14 15 16 17 | 17.6
Evocations     | 1 4 5 7 8 9 10 11 12 13 14 | 14.9
Dodging        | 2 4 5 6 7 8 9 10 11 12 | 12.2

Action                   |  1- 3 |  4- 6 |  7- 9 | 10-12 | 13-15 | 16-18 | 19-21 | 22-24 || total
-------------------------+-------+-------+-------+-------+-------+-------+-------+-------++-------
Melee: War axe           |    39 |   102 |   184 |       |       |       |       |       ||   325
       Hand axe          |   118 |   270 |   209 |   630 |   162 |       |       |       ||  1389
       Broad axe         |       |       |       |       |   992 |  1579 |  1215 |   945 ||  4731
       Scimitar          |       |       |       |       |    11 |       |       |       ||    11
Invok: Berserk           |       |       |       |    10 |     7 |     4 |     1 |     1 ||    23
       Trog's Hand       |       |       |       |       |     3 |     1 |     2 |     3 ||     9
       Brothers in Arms  |       |       |       |       |       |     1 |       |       ||     1
 Abil: Stop Flying       |       |       |       |       |     1 |       |       |       ||     1
Evoke: Phial of floods   |       |       |       |       |     1 |       |       |       ||     1
       Wand              |       |       |       |       |     1 |       |       |       ||     1
  Use: Scroll            |     3 |     8 |     2 |     8 |    17 |     7 |     5 |     4 ||    54
       Potion            |       |     2 |     2 |       |     4 |       |       |     2 ||    10
 Stab: Invisible         |       |     1 |    10 |       |       |       |       |       ||    11
       Distracted        |       |       |       |       |       |       |     2 |     2 ||     4
  Eat: Chunk             |       |    10 |     6 |    37 |    21 |     6 |     2 |       ||    82
       Ration            |       |     1 |     2 |     2 |     7 |    15 |     8 |     4 ||    39
Armor: Scale mail        |    73 |    67 |       |       |       |       |       |       ||   140
       Chain mail        |       |    93 |       |       |       |       |       |       ||    93
       Plate armour      |       |    14 |   218 |   212 |   391 |   441 |   379 |   282 ||  1937
Dodge: Dodged            |    45 |    96 |    60 |   104 |   243 |   382 |   358 |   273 ||  1561
Block: Shield            |   104 |   186 |   207 |   278 |   147 |       |       |       ||   922
       Large shield      |       |       |       |       |   764 |  1554 |  1225 |   932 ||  4475
       Rpst.: Scimitar   |       |       |       |       |     5 |       |       |       ||     5
